 Dungeon Crawl Stone Soup version 0.29-a0-284-gf9362112df (webtiles) character file.

Game seed: 8812038011792661190

1453 avis the Ruffian (level 8, -12/97 (102) HPs)
             Began as a Hill Orc Transmuter on Mar 17, 2022.
             Was a Believer of Beogh.
             Mangled by a wight
             ... wielding a +3 great sword of freezing
              (15 damage)
             ... on level 6 of the Dungeon on Mar 18, 2022.
             The game lasted 00:46:52 (8168 turns).

avis the Ruffian (Hill Orc Transmuter)              Turns: 8168, Time: 00:46:53

HP:   -12/97 (102)  AC: 24    Str: 13    XL:     8   Next: 76%
MP:   11/12         EV:  2    Int: 15    God:    Beogh [**....]
Gold: 295           SH:  0    Dex: 11    Spells: 3/13 levels left

rFire   + . .      SeeInvis .   S - +2 flail (vorpal)
rCold   . . .      Faith    .   (no shield)
rNeg    . . .      Spirit   .   (body armour currently unavailable)
rPois   +          Reflect  .   (helmet currently unavailable)
rElec   .          Harm     .   (cloak currently unavailable)
rCorr   .          Rampage  .   (gloves currently unavailable)
Will    .....      NoTele   +   (boots currently unavailable)
Stlth   +.........              (no amulet)
HPRegen 0.26/turn               k - ring of protection from fire
MPRegen 0.13/turn               R - +4 ring of evasion

@: tree-form, lightly drained
A: stationary, stasis, torment immunity, boosted hp
a: Renounce Religion, Smiting


You were on level 6 of the Dungeon.
You worshipped Beogh.
Beogh was pleased with you.
You were a tree.
You visited 1 branch of the dungeon, and saw 6 of its levels.
You also visited: Sewer.

You collected 415 gold pieces.
You spent 120 gold pieces at shops.

Inventory:

Hand Weapons
 b - the +4 hunting sling of Zealous Conscience {vorpal, rF++ Dex+3}
   (You found it on level 6 of the Dungeon)

   Any ammunition fired from it inflicts extra damage upon your enemies.
   Dex:       It affects your dexterity (+3).
   rF:        It greatly protects you from fire.
 d - a +0 trident
 u - a +0 long sword
 w - a +0 hunting sling
 x - a +1 flail of draining
 y - a +0 trident
 D - a +1 trident
 E - a +2 hand axe of venom
 F - a +0 hand axe of freezing
 Q - a +0 trident
 S - a +2 vorpal flail (weapon)
 U - a +2 great sword
 V - a +2 war axe
Missiles
 e - 87 stones
 j - a throwing net
 n - 3 poisoned darts
Armour
 a - a +0 robe (melded)
 g - a +0 ring mail
 m - a +0 helmet
 o - a +0 leather armour
 q - a +2 ring mail of cold resistance
 s - a +0 pair of boots (melded)
 t - a +0 chain mail
 O - a +0 kite shield
 P - a +0 pair of gloves (melded)
Magical Staves
 h - a staff of earth
Jewellery
 k - a ring of protection from fire (left branch)
 R - a +4 ring of evasion (right branch)
Wands
 G - a wand of flame (20)
 M - a wand of polymorph (10)
Scrolls
 c - a scroll of fog
 f - a scroll of enchant weapon
 i - a scroll of fear
 p - a scroll of teleportation
 B - 2 scrolls of noise
 H - 10 scrolls of identify
 T - a scroll of immolation {unknown}
Potions
 r - 2 potions of degeneration {unknown}
 v - a potion of magic {unknown}
 z - a potion of cancellation
 A - a potion of flight
 C - 2 potions of brilliance
 I - a potion of mutation {unknown}
 J - 2 potions of might {unknown}
 K - a potion of resistance {unknown}
 L - a potion of invisibility {unknown}
 N - a potion of attraction {unknown}


   Skills:
 - Level 5.0 Fighting
 - Level 2.0 Dodging
 - Level 7.0 Unarmed Combat
 - Level 3.0 Spellcasting
 * Level 3.1 Transmutations
 - Level 4.0 Ice Magic
 - Level 2.0 Poison Magic
 - Level 3.0 Invocations


You had 3 spell levels left.
You knew the following spells:

 Your Spells              Type           Power      Damage    Failure   Level
a - Beastly Appendage     Tmut           22%        N/A       5%          1
c - Passwall              Tmut/Erth      5%         N/A       16%         2
p - Spider Form           Tmut/Pois      9%         N/A       22%         3
q - Ice Form              Ice/Tmut       12%        N/A       43%         4

Your spell library contained the following spells:

 Spells                   Type           Power      Damage    Failure   Level
 Wereblood                Tmut           11%        N/A       9%          2
 Frozen Ramparts          Ice            28%        1d4       12%         3
 Ensorcelled Hibernation  Hex/Ice        16%        N/A       13%         2
 Animate Skeleton         Necr           4%         N/A       21%         1
 Pain                     Necr           8%         1d4       21%         1
 Swiftness                Air            2%         N/A       52%         3
 Vampiric Draining        Necr           2%         2d6       52%         3
 Summon Ice Beast         Ice/Summ       8%         N/A       65%         4
 Summon Mana Viper        Hex/Summ       2%         N/A       99%         5
 Monstrous Menagerie      Summ           1%         N/A       100%        7


Dungeon Overview and Level Annotations

Branches:
Dungeon (6/15)              Sewer (visited)
 Temple: D:4-7

Altars:
Elyvilon
Gozag
Nemelex Xobeh

Shops:
D:1 *

Annotations:
D:6 Prince Ribbit


Message History

Prince Ribbit barely misses you.
Prince Ribbit croaks regally.
The wight attacks as you move away! The wight closely misses you.
The wight attacks as you move away! The wight completely misses you.
Prince Ribbit misses you.
Your transformation is almost over.
Prince Ribbit closely misses you. Prince Ribbit attacks as you move away!
Prince Ribbit misses you. The wight attacks as you move away!
The wight barely misses you.
Okay, then.
Really quaff the potion of lignification?
Your transformation has ended.
The +4 hunting sling of Zealous Conscience {vorpal, rF++ Dex+3} unmelds from your body.
Your +0 pair of gloves unmelds from your body.
Your +0 pair of boots unmelds from your body.
Your +0 robe unmelds from your body.
You turn into a tree.
Your +0 pair of gloves melds into your body.
Your +0 pair of boots melds into your body.
Your +0 robe melds into your body.
Your roots penetrate the ground.
The wight hits you with a +3 great sword of freezing!
* * * LOW HITPOINT WARNING * * *
You feel drained.
* * * LOW HITPOINT WARNING * * *
The wight freezes you.
* * * LOW HITPOINT WARNING * * *
Prince Ribbit blinks!
Really attack while wielding the +4 hunting sling of Zealous Conscience {vorpal, rF++ Dex+3}? [Y]es or [N]o only, please.
Really attack while wielding the +4 hunting sling of Zealous Conscience {vorpal, rF++ Dex+3}?
Okay, then.
S - a +2 vorpal flail (weapon)
The wight hits you but does no damage.
You thump the wight!
The wight is heavily damaged.
The wight hits you but does no damage.
You barely miss the wight.
The wight is heavily damaged.
Prince Ribbit hits you but does no damage.
The wight hits you with a +3 great sword of freezing!
You die...

#.# #.# #.### #.# #...#
#.## ###.# #..# #. #.# #..#
#.# #.#########..#### #.#
#.<.............# #.#
##.....##.......# #.##
#....§z♣F......#####..##
#.....##...............<
......[..##.......#####...[
###########.......#####.###
#........)....#
###############


You could see Prince Ribbit (poisoned) and a wight.

Vanquished Creatures
  A sky beast (D:5)
  2 ogres
  2 phantoms (D:3)
  2 bullfrogs (Sewer)
  2 scorpions
  3 wights (D:6)
  4 hounds
  2 jellies (D:5)
  An orc priest (D:5)
  Terence (D:3)
  2 iguanas
  2 orc wizards
  10 adders
  5 river rats (Sewer)
  A shadow imp (D:5)
  2 white imps (D:5)
  An ufetubus (D:5)
  2 worms
  5 dart slugs
  10 orcs
  6 endoplasms
  3 giant cockroaches (D:5)
  2 goblins (D:4)
  8 hobgoblins
  4 jackals (D:3)
  5 quokkas
  17 ball pythons
  6 bats
  7 frilled lizards
  10 kobolds
  25 rats (Sewer)
153 creatures vanquished.

Vanquished Creatures (others)
  4 orcs (D:4)
  A ball python (D:4)
  An endoplasm (D:4)
  2 goblins (D:4)
8 creatures vanquished.

Grand Total: 161 creatures vanquished

Notes
Turn   | Place    | Note
-------+----------+-------------------------------------------
     0 | D:1      | avis the Hill Orc Transmuter began the quest for the Orb.
     0 | D:1      | Reached XP level 1. HP: 16/16 MP: 3/3
   254 | D:1      | Reached XP level 2. HP: 16/23 MP: 1/4
   345 | D:1      | Found Tountitu's Assorted Antiques.
   479 | D:1      | Reached skill level 4 in Unarmed Combat
  1446 | D:2      | Found a white marble altar of Elyvilon.
  1489 | D:2      | Reached XP level 3. HP: 29/29 MP: 2/5
  1493 | D:2      | Learned a level 3 spell: Spider Form
  1710 | D:2      | Found a faded altar of an unknown god.
  3023 | D:3      | Noticed Terence
  3289 | D:3      | Noticed a scorpion
  3308 | D:3      | Reached XP level 4. HP: 36/38 MP: 2/6
  3310 | D:3      | Killed a scorpion
  3311 | D:3      | Reached skill level 1 in Poison Magic
  3316 | D:3      | Reached XP level 5. HP: 37/45 MP: 2/7
  3764 | D:4      | Noticed a phantom
  3803 | D:3      | Killed a phantom
  3804 | D:3      | Reached skill level 5 in Unarmed Combat
  3940 | D:3      | Learned a level 2 spell: Passwall
  4064 | D:1      | Bought a bubbling sapphire potion for 27 gold pieces
  4064 | D:1      | Bought a scroll labelled KESHOJEESA FYAX for 31 gold pieces
  4064 | D:1      | Bought 2 scrolls labelled ZUCAFF NUUPPIC for 62 gold pieces
  4125 | D:4      | Noticed a phantom
  4144 | D:3      | Killed a phantom
  4145 | D:3      | Reached XP level 6. HP: 35/51 MP: 6/9
  4257 | D:4      | Reached skill level 6 in Unarmed Combat
  4258 | D:4      | Became a worshipper of Beogh the Brigand
  4345 | D:3      | Killed Terence
  4743 | D:4      | Found an opulent altar of Gozag.
  4853 | D:3      | Reached XP level 7. HP: 24/57 MP: 8/11
  5031 | D:3      | Learned a level 4 spell: Ice Form
  5088 | D:4      | Reached skill level 1 in Invocations
  5468 | D:4      | Found a sparkling altar of Nemelex Xobeh.
  5696 | D:5      | Entered Level 5 of the Dungeon
  5766 | D:5      | Found a glowing drain.
  5783 | Sewer    | Entered a sewer
  5815 | Sewer    | Reached skill level 7 in Unarmed Combat
  5847 | Sewer    | Reached * piety under Beogh
  6254 | Sewer    | Reached skill level 1 in Ice Magic
  6395 | Sewer    | Reached ** piety under Beogh
  6404 | Sewer    | Reached XP level 8. HP: 16/66 MP: 7/12
  7864 | D:6      | Identified the +4 hunting sling of Zealous Conscience
                  | {vorpal, rF++ Dex+3}
  7970 | D:6      | Reached skill level 5 in Fighting
  7978 | D:6      | Noticed Prince Ribbit
  8165 | D:6      | HP: 2/97 [wight/+3 great sword of freezing (4)]
  8168 | D:6      | Mangled by a wight

Illustrated notes

Levels and vault maps discovered:
D:1:      minmay_arrival_jagged, layout_loops_corners, serial_shops, shop_statue
D:2:      layout_basic, basic_altar, shapermc_ecumenical_altar_venn,
          chequers_serial_rivers_micro_b, nrook_uturn
D:3:      layout_basic, minmay_misc_feat_ornament, minmay_misc_feat_square,
          uniq_terence
D:4:      layout_cave_pools, mainiacjoe_overflow_catwalk,
          nicolae_gozag_cash_rules_everything_around_me, kennysheep_flooded_box,
          minmay_misc_feat_iff
D:5:      layout_gridville, gup_sewer_entry_pipe, nicolae_ossuary_entry_plus
D:6:      layout_loops_ring, mainiacjoe_overflow_brackets, elyvilon_altar_3,
          minmay_temple_entry_metal_lava, serial_shops, kennysheep_mini_moat,
          chequers_serial_rivers_small_b, uniq_prince_ribbit1

Skill      XL: |  1  2  3  4  5  6  7  8 |
---------------+-------------------------+-----
Unarmed Combat | 4 5 6 7 |  7.0
Fighting       | 2 3 4 5 |  5.0
Transmutations | 2 3 |  3.1
Poison Magic   | 2 |  2.0
Spellcasting   | 2 3 |  3.0
Invocations    | 3 |  3.0
Ice Magic      | 2 4 |  4.0
Dodging        | 2 |  2.0

Action                   |  1- 3 |  4- 6 |  7- 9 || total
-------------------------+-------+-------+-------++-------
Melee: Unarmed           |   101 |    97 |   215 ||   413
       Kick              |    16 |     9 |    22 ||    47
       Headbutt          |    12 |     4 |     8 ||    24
       Punch             |     1 |     2 |     6 ||     9
       Flail             |       |    16 |     2 ||    18
 Fire: Hunting sling     |     3 |       |     5 ||     8
 Cast: Beastly Appendage |    31 |     9 |    19 ||    59
       Spider Form       |     5 |    11 |    26 ||    42
Invok: Convert to Beogh  |       |     1 |       ||     1
  Use: Scroll            |     1 |     2 |    10 ||    13
       Potion            |       |       |     6 ||     6
 Stab: Sleeping          |     1 |     1 |     1 ||     3
Armor: Robe              |    17 |    12 |    17 ||    46
       Skin              |     1 |     3 |    16 ||    20
Dodge: Dodged            |    62 |    95 |   220 ||   377

Table legend: (Time is in decaauts)
 A = Elapsed time spent in this place.
 B = Non-inter-level travel time spent in this place.
 C = Inter-level travel time spent in this place.
 D = Time resting spent in this place.
 E = Time spent auto-exploring this place.
 F = Levels seen in this place.
 G = Mean time per level.
                   A        B        C        D        E       F      G
               +--------+--------+--------+--------+--------+-----+--------+
         Total |   8207 |   7560 |    647 |   2952 |   2637 |   7 | 1172.4 |
       Dungeon |   7312 |   6665 |    647 |   2476 |   2637 |   6 | 1218.7 |
         Sewer |    894 |    894 |      0 |    476 |      0 |   1 |  894.0 |
               +--------+--------+--------+--------+--------+-----+--------+

Top non-repeatable levels by time:
     D:3: 1896 daAuts
     D:2: 1715 daAuts
     D:5: 1410 daAuts
     D:1: 1353 daAuts
   Sewer: 894 daAuts
     D:4: 764 daAuts
     D:6: 172 daAuts
